Map: Ulrena

Players

Forgg - Winner!

  • Race: Terran Terran
  • League: Gold

SticklerMac

  • Race: Zerg Zerg
  • League: Platinum

VOD

Have the link to the VOD?

Description

Time

  • Played on: Nov. 10, 2015, 1:32 p.m.
  • Length: 11:31
Show
View Real Time Build Order
Export as new Build Order

Forgg Terran - Winner!

Build Orders: Command Center First (CC) 

Get SALT Encoding   

  12  0:01  SCV  
  13  0:13  SCV  
  14  0:18  Supply Depot  
  14  0:25  SCV  
  15  0:39  SCV  
  16  0:52  SCV  
  17  1:03  Command Center  
  17  1:06  SCV  
  18  1:16  Barracks  
  18  1:18  SCV  
  18  1:23  Refinery  
  19  1:31  SCV  
  20  1:41  Barracks  
  20  1:47  SCV  
  21  2:04  Supply Depot, Orbital Command  
  21  2:06  Marine  
  22  2:15  Orbital Command  
  22  2:24  Marine  
  22  2:29  Barracks Reactor  
  23  2:33  SCV  
  23  2:34  Barracks  
  25  2:44  SCV  
  25  2:45  Bunker  
  26  2:56  SCV x2  
  27  3:00  Barracks Tech Lab  
  27  3:08  SCV  
  27  3:09  SCV, Marine  
  30  3:14  Marine  
  30  3:15  Factory  
  31  3:20  SCV, Marine  
  31  3:21  SCV  
  31  3:26  Marine  
  35  3:27  Marine  
  35  3:32  SCV, Marine  
  35  3:33  SCV  
  39  3:37  Marine  
  39  3:39  Supply Depot  
  40  3:44  SCV, Marine  
  40  3:45  SCV, Marine  
  44  3:56  SCV  
  44  3:57  Supply Depot  
  44  4:01  SCV  
  47  4:08  SCV  
  47  4:13  Barracks Reactor, Hellion, Stimpack  
  47  4:14  Hellion  
  47  4:15  SCV  
  52  4:17  Barracks Reactor, Refinery  
  52  4:21  SCV, Marine x2  
  55  4:27  SCV  
  55  4:31  Refinery  
  56  4:33  SCV  
  56  4:35  Supply Depot  
  56  4:37  Armory  
  57  4:39  Marine  
  57  4:40  Hellion  
  57  4:45  SCV  
  62  4:46  Command Center  
  62  4:52  SCV, Barracks Reactor  
  62  4:56  Marine x2  
  62  4:57  SCV, Hellion  
  67  5:04  SCV  
  68  5:08  Hellion  
  70  5:23  SCV  
  70  5:29  Hellion, Marine  
  70  5:31  Hellion  
  70  5:33  Marine x2  
  67  5:42  SCV x2  
  60  5:45  Marine  
  61  5:50  Hellion, Barracks  
  61  5:51  Barracks  
  61  5:53  Barracks  
  61  5:54  SCV, Engineering Bay, Barracks  
  61  5:55  Barracks, Marine x2  
  61  5:56  Engineering Bay  
  66  6:00  Refinery, Marine  
  66  6:01  Marauder  
  66  6:02  SCV  
  70  6:05  Orbital Command  
  70  6:08  SCV  
  71  6:12  Marine  
  71  6:13  Widow Mine, Marine  
  71  6:14  SCV, Widow Mine  
  78  6:20  SCV  
  78  6:22  Marauder  
  81  6:29  Marine x2  
  81  6:31  Marine x2  
  85  6:53  Barracks Tech Lab  
  85  6:55  Barracks Reactor  
  85  6:56  Barracks Reactor  
  85  6:59  Barracks Tech Lab  
  85  7:03  Terran Infantry Weapons Level 1  
  85  7:05  Barracks Reactor, Starport  
  85  7:08  Factory Reactor  
  85  7:13  Refinery  
  85  7:21  Terran Infantry Armor Level 1  
  85  7:23  Missile Turret  
  85  7:26  Refinery  
  85  7:29  Missile Turret  
  85  7:30  Missile Turret  
  85  7:36  Supply Depot  
  85  7:37  Supply Depot x3  
  85  7:38  SCV x2, Marine x4  
  85  7:39  Marauder  
  85  7:40  Supply Depot x2  
  93  7:50  Supply Depot  
  93  7:51  Supply Depot x2  
  93  7:57  SCV, Marine x5  
  93  7:58  Marine x2, Medivac x2, Marauder  
  101  7:59  SCV x2, Marauder  
  101  8:00  Marauder  
  101  8:04  Widow Mine x2  
  117  8:10  SCV, Marine  
  117  8:11  SCV x2  
  117  8:12  Marine  
  122  8:15  Marine  
  122  8:16  Marine  
  122  8:19  Marauder  
  126  8:21  Supply Depot, Marauder x2  
  126  8:22  SCV  
  126  8:23  SCV x2, Marine x3  
  136  8:28  Medivac x2, Marine  
  136  8:33  Widow Mine x2  
  136  8:34  SCV  
  146  8:35  SCV x2  
  148  8:43  Marauder  
  148  8:46  SCV, Marine  
  148  8:47  Marauder  
  152  8:54  Marauder, Marine x2  
  156  8:58  Medivac x2  
  156  9:01  Widow Mine, Marine x2  
  164  9:04  Marauder  
  164  9:08  Marauder  
  168  9:16  Marine, Marauder  
  171  9:22  Marine  
  168  9:25  Marine  
  168  9:26  Marauder  
  168  9:28  Medivac x2  
  168  9:29  Marauder  
  173  9:43  Marauder, Marine x3  
  173  9:44  Marine  
  173  9:45  Supply Depot  
  179  9:46  Marine  
  179  9:47  Supply Depot  
  179  9:49  Supply Depot, SCV, Liberator x2  
  181  9:55  Supply Depot  
  181  9:56  Supply Depot  
  181  10:07  Marauder  
  189  10:08  Marine x2  
  189  10:09  Marauder x2  
  195  10:21  Marine  
  196  10:28  Marauder  
  188  10:30  Marauder x2  
  179  10:36  Marine  
  179  10:37  Marine  
  179  10:39  Marine  
  179  10:40  Marine  
  160  10:45  Marine  
  160  10:46  Marine  
  160  10:48  SCV  
  160  10:49  Marauder, Medivac x2  
  163  10:51  Marauder x2  
  163  10:54  Marine  
  168  11:04  Command Center  
  168  11:06  Marine  
  168  11:08  Marine  
  168  11:09  Marine  
Show
View Real Time Build Order
Export as new Build Order

SticklerMac Zerg 

Build Orders: Hatch First 

Get SALT Encoding   

  12  0:01  Drone  
  13  0:08  Drone  
  14  0:17  Overlord  
  15  0:35  Drone x3  
  17  0:48  Drone  
  18  0:59  Hatchery  
  18  1:00  Drone  
  18  1:04  Extractor  
  17  1:15  Spawning Pool  
  16  1:28  Drone x2  
  18  1:41  Drone  
  18  1:42  Drone  
  20  1:52  Overlord  
  20  2:06  Metabolic Boost, Zergling x2  
  21  2:10  Queen  
  21  2:11  Queen  
  25  2:16  Drone  
  25  2:20  Drone  
  27  2:30  Baneling Nest  
  27  2:36  Drone  
  28  2:37  Drone x2  
  28  2:43  Drone x2  
  31  2:56  Drone x3  
  34  3:12  Roach Warren, Drone x2  
  35  3:23  Overlord x2  
  35  3:25  Overlord  
  35  3:32  Extractor  
  35  3:33  Drone x2  
  36  3:35  Overlord x2  
  36  3:40  Drone, Extractor x2  
  36  3:41  Drone  
  36  3:42  Drone  
  36  3:46  Drone  
  40  3:50  Extractor  
  39  3:57  Drone  
  39  4:00  Drone x2  
  39  4:01  Drone x3  
  44  4:20  Lair  
  44  4:34  Drone  
  44  4:38  Queen  
  47  4:43  Drone x3  
  47  4:44  Drone  
  51  4:47  Extractor  
  50  4:55  Zergling x12  
  50  4:59  Roach  
  58  5:00  Roach x5  
  68  5:13  Overlord x2  
  68  5:17  Baneling x3  
  68  5:18  Baneling x3  
  51  5:43  Roach x5  
  51  5:44  Roach x3  
  67  5:52  Overlord x2  
  67  6:09  Hatchery  
  66  6:15  Queen x2  
  66  6:17  Roach x4  
  66  6:18  Roach  
  80  6:24  Glial Reconstitution  
  80  6:25  Roach  
  82  6:29  Overlord x2  
  82  6:30  Overlord  
  82  7:13  Roach x3  
  82  7:14  Roach x7  
  82  7:15  Roach  
  104  7:36  Roach x4  
  112  7:43  Hydralisk Den  
  111  7:46  Overseer  
  111  7:51  Tunneling Claws  
  111  7:53  Burrow  
  111  7:58  Roach  
  111  8:02  Overlord x3  
  111  8:03  Overlord  
  113  8:16  Overlord x3  
  113  8:22  Hydralisk  
  113  8:23  Hydralisk x9  
  133  8:28  Lurker Den  
  133  8:32  Hydralisk x2  
  133  8:48  Overseer  
  133  8:51  Hydralisk x6  
  145  8:56  Ravager x4  
  145  9:13  Drone x5  
  145  9:14  Drone x2  
  142  9:31  Hydralisk x5  
  142  9:32  Hydralisk  
  154  9:43  Spine Crawler  
  154  9:44  Spine Crawler  
  152  9:47  Spore Crawler  
  152  9:50  Spore Crawler  
  150  9:53  Spine Crawler  
  149  10:01  Overlord x2  
  149  10:02  Overlord  
  149  10:05  Drone  
  149  10:06  Drone  
  63  10:44  Queen  
  63  10:46  Roach x6  
  63  10:47  Roach x5  
  67  10:58  Roach x3  
  67  10:59  Roach x2  
  67  11:00  Roach x9  
Tags
 
Add a new tag
Caveats
  • Supply blocks, unpowered buildings, or Contaminate may cause inaccurate times.
  • Supply counts are checked every 10 seconds.